 Dungeon Crawl Stone Soup version 0.26-a0-163-g6c8a0bf695 (webtiles) character file.

Game seed: 3004808637701215363

19 BritishOli the Skirmisher (level 2, 0/36 HPs)
             Began as a Demonspawn Monk on July 3, 2020.
             Succumbed to an adder's poison
             ... on level 1 of the Dungeon.
             The game lasted 00:00:49 (944 turns).

BritishOli the Skirmisher (Demonspawn Monk)          Turns: 944, Time: 00:00:50

Health: 0/36       AC: 21    Str: 11    XL:     2   Next: 55%
Magic:  2/2        EV:  2    Int: 11    God:
Gold:   74         SH:  0    Dex: 15    Spells: 1/1 levels left

rFire    . . .     SeeInvis .   a - +0 falchion
rCold    . . .     Faith    .   (no shield)
rNeg     + + +     Spirit   .   (armour currently unavailable)
rPois    +         Reflect  .   (helmet currently unavailable)
rElec    .         Harm     .   (cloak currently unavailable)
rCorr    .         NoTele   +   (gloves currently unavailable)
MR       .....                  (boots currently unavailable)
Stlth    ++........             g - amulet of the acrobat
HPRegen  0.12/turn              (no ring)
MPRegen  0.08/turn              (no ring)

@: lethally poisoned (0 -> -7), tree-form
A: repulsion field 1
a: no special abilities


You were on level 1 of the Dungeon.
You were not hungry.
You were a tree.
You visited 1 branch of the dungeon, and saw 2 of its levels.

You collected 74 gold pieces.

Inventory:

Hand Weapons
 a - a +0 falchion (weapon)
Armour
 b - a +0 robe (melded)
Jewellery
 g - an amulet of the acrobat (around neck)
Scrolls
 e - a scroll of remove curse {unknown}
Comestibles
 c - 2 rations


   Skills:
 + Level 3.2 Fighting
 + Level 2.9 Long Blades
 + Level 0.6 Armour
 + Level 2.9 Dodging
 + Level 2.1 Stealth


You had one spell level left.
You didn't know any spells.
Your spell library was empty.

Dungeon Overview and Level Annotations

Branches:
Dungeon (2/15)

Altars:
Hepliaklqana


Innate Abilities, Weirdness & Mutations

You are surrounded by a mild repulsion field. (EV +2)


Message History

The adder poisons you!
There is a stone staircase leading up, spattered with blood here.
You see here a stone.
* * * LOW HITPOINT WARNING * * *
You feel sick. The adder bites you.
* * * LOW HITPOINT WARNING * * *
You are more poisoned.
The adder poisons you!
You climb upwards.
* * * LOW HITPOINT WARNING * * *
You feel sick.
There is a stone staircase leading down here.
It was a potion of lignification.
You turn into a tree.
Your +0 robe melds into your body.
Your roots penetrate the ground.
* * * LOW HITPOINT WARNING * * *
You feel sick. The adder bites you.
* * * LOW HITPOINT WARNING * * *
You barely miss the adder.
The adder is moderately wounded.
You die...

.##........##.# #.##.#.####.##..#
.##...........###..#......#.#..##
###........#...###.###..#'###...#
............#..# #......##..#...#
####.###....#..###..##.##+#+###.#
#.....#........(###....##..#.#
#.###............#...#+#'#'### ##
#.# ###...>.S......#.##..##..#
.###.# #......♣...#...#'#+#'#+#
..##.# ##..(......#.....##..#..
.....# #.........#..##+#'#+#'#
...### ####.............##..##..#
...# #............#...#'#+#'###
..## #.##...........#...##..###
.## #.##.........#.#.#+#'####. ##
###.##.............##..#.##. #
###...##.............#'###....


You could see an adder.

Vanquished Creatures
  2 dart slugs (D:1)
  A leopard gecko (D:1)
  2 goblins (D:1)
  3 hobgoblins (D:1)
  3 kobolds (D:1)
  A bat (D:1)
  3 rats (D:1)
15 creatures vanquished.

Notes
Turn   | Place    | Note
-------+----------+-------------------------------------------
     0 | D:1      | BritishOli the Demonspawn Monk began the quest for the Orb.
     0 | D:1      | Reached XP level 1. HP: 18/18 MP: 1/1
   328 | D:1      | Gained mutation: You are surrounded by a mild repulsion
                  | field. (EV +2) [demonic ancestry]
   328 | D:1      | Reached XP level 2. HP: 15/24 MP: 2/2
   929 | D:2      | Found a hazy altar of Hepliaklqana.
   943 | D:1      | HP: 1/36 [adder (1)]
   944 | D:1      | Succumbed to an adder's poison

Illustrated notes

Levels and vault maps discovered:
D:1:      erik_arrival_triangle_large, layout_rooms, hex_medium
D:2:      layout_basic, overflow_temple_1_default,
          chequers_serial_rivers_micro_a

Skill      XL: |  1 |
---------------+----+-----
Stealth        | 2 |  2.1
Fighting       | |  3.2
Long Blades    | |  2.9
Armour         | |  0.6
Dodging        | |  2.9

Action                   || total
-------------------------++-------
Melee: Falchion          ||    47
  Use: Potion            ||     1
 Stab: Sleeping          ||     2
Armor: Robe              ||     8
Dodge: Dodged            ||    38
       Rpst.: Falchion   ||     9

Table legend:
 A = Non-vault XP
 B = Vault XP
 C = Vault XP percentage of total XP
 D = Non-vault monster count
 E = Vault monster count
 F = Vault count percentage of total count
                 A         B        C        D         E       F
            +---------+---------+-------+---------+---------+-------
      Total |      28 |       0 |   0.0 |      15 |       0 |   0.0
            +---------+---------+-------+---------+---------+-------
        D:1 |      28 |       0 |   0.0 |      15 |       0 |   0.0
            +---------+---------+-------+---------+---------+-------
